 Dungeon Crawl Stone Soup version 0.24-a0-378-g94936e539c (webtiles) character file.

Game seed: 13650674101546143577

88478 tjtr the Carver (level 15, -3/107 HPs)
             Began as a Gnoll Chaos Knight on June 1, 2019.
             Was a Plaything of Xom.
             Slain by a nine-headed hydra (7 damage)
             ... on level 14 of the Dungeon.
             The game lasted 01:34:54 (16574 turns).

tjtr the Carver (Gnoll Chaos Knight)               Turns: 16574, Time: 01:34:55

Health: -3/107     AC: 18    Str: 18    XL:     15   Next: 94%
Magic:  28/28      EV: 18    Int: 19    God:    Xom [..*...]
Gold:   1235       SH:  0    Dex: 18    Spells: 20/33 levels left

rFire    + . .     SeeInvis +   q - +5 great sword (chaos)
rCold    + . .     Gourm    .   (shield currently unavailable)
rNeg     + . .     Faith    .   F - +3 ring mail "Ekhitom" {+Blink rCorr Int+3 SInv}
rPois    +         Spirit   .   g - +1 helmet
rElec    .         Reflect  .   h - +0 cloak
rCorr    +         Harm     .   x - +0 pair of gloves of the Gate {rPois rN+ Regen+ Slay+3}
MR       +....                  o - +1 pair of boots
Stlth    ++++......             t - amulet of the acrobat
HPRegen  1.07/turn              v - ring "Qoho Sai" {rF+ Slay+2}
MPRegen  0.21/turn              p - +4 ring of strength

@: no status effects
A: distributed training, fangs 1, cold resistance 1, frail 1, regeneration 1,
weak 1, strong nose
a: Renounce Religion, Evoke Blink


You were on level 14 of the Dungeon.
You worshipped Xom.
You were a toy of Xom.
You were not hungry.

You visited 2 branches of the dungeon, and saw 20 of its levels.
You also visited: Sewer and Bailey.

You collected 1285 gold pieces.
You spent 50 gold pieces at shops.

Inventory:

Hand Weapons
 q - a +5 great sword of chaos (weapon)
 H - the +7 falchion of Capital Punishment {flame, *Drain MR+ Int+3}
   (You found it on level 8 of the Dungeon)

   It has been specially enchanted to burn those struck by it, causing extra
   injury to most foes and up to half again as much damage against particularly
   susceptible opponents.
   Big, fiery blades are also staple armaments of hydra-hunters.
   It affects your intelligence (+3).
   It affects your resistance to hostile enchantments.
   It causes draining when unequipped.
Missiles
 n - 2 throwing nets (quivered)
Armour
 g - a +1 helmet (worn)
 h - a +0 cloak (worn)
 o - a +1 pair of boots (worn)
 x - the +0 pair of gloves of the Gate (worn) {rPois rN+ Regen+ Slay+3}
   (You found it on level 5 of the Dungeon)

   It affects your accuracy and damage with ranged weapons and melee attacks
   (+3).
   It protects you from poison.
   It protects you from negative energy.
   It increases your rate of regeneration.
 C - a +3 leather armour of poison resistance
 F - the +3 ring mail "Ekhitom" (worn) {+Blink rCorr Int+3 SInv}
   (You found it on level 4 of the Dungeon)

   It affects your intelligence (+3).
   It lets you see invisible.
   It lets you blink.
   It provides partial protection from all sources of acid and corrosion.
 W - a scarf of repulsion
 Y - a +1 troll leather armour {Snorg}
Jewellery
 e - an uncursed ring of poison resistance
 p - a +4 ring of strength (right hand)
 r - an uncursed ring of flight
 t - an amulet of the acrobat (around neck)
 v - the ring "Qoho Sai" (left hand) {rF+ Slay+2}
   (You found it on level 9 of the Dungeon)

   [ring of protection from fire]

   It affects your accuracy and damage with ranged weapons and melee attacks
   (+2).
   It protects you from fire.
 w - a +3 ring of dexterity
 z - a +3 ring of protection
Wands
 l - a wand of acid (29)
 B - a wand of random effects (28)
 I - a wand of polymorph (11)
 Q - a wand of disintegration (4)
 U - a wand of iceblast (18)
 V - a wand of paralysis (10)
 Z - a wand of flame (11)
Scrolls
 b - a scroll of immolation
 f - 8 scrolls of remove curse
 i - a scroll of noise
 s - 8 scrolls of blinking
 u - 3 scrolls of fog
 y - 4 scrolls of magic mapping
 G - 6 scrolls of teleportation
 M - a scroll of fear
 N - a scroll of vulnerability
 T - 2 scrolls of amnesia
 X - 6 scrolls of identify
Potions
 d - 2 potions of haste
 k - 8 potions of curing
 m - 3 potions of brilliance
 A - 4 potions of lignification
 E - 3 potions of ambrosia
 J - 3 potions of might
 K - 3 potions of agility {unknown}
 L - 2 potions of mutation
 O - 2 potions of resistance
 P - a potion of invisibility {unknown}
 R - 2 potions of cancellation
Miscellaneous
 a - a box of beasts
 S - a crystal ball of energy
Comestibles
 c - 33 rations


   Skills:
 + Level 11.5 Fighting
 + Level 9.7 Short Blades
 + Level 11.5 Long Blades
 + Level 9.7 Axes
 + Level 9.7 Maces & Flails
 + Level 9.7 Polearms
 + Level 9.7 Staves
 + Level 9.7 Slings
 + Level 9.7 Bows
 + Level 9.7 Crossbows
 + Level 9.7 Throwing
 + Level 10.7 Armour
 + Level 10.1 Dodging
 + Level 9.7 Stealth
 + Level 9.7 Shields
 + Level 9.7 Unarmed Combat
 + Level 9.7 Spellcasting
 + Level 8.2 Conjurations
 + Level 8.2 Hexes
 + Level 8.2 Charms
 + Level 8.2 Summonings
 + Level 8.2 Necromancy
 + Level 8.2 Translocations
 + Level 8.2 Transmutations
 + Level 8.2 Fire Magic
 + Level 8.2 Ice Magic
 + Level 8.2 Air Magic
 + Level 8.2 Earth Magic
 + Level 8.2 Poison Magic
 + Level 10.6 Invocations
 + Level 9.7 Evocations


You had 20 spell levels left.
You knew the following spells:

 Your Spells              Type           Power        Failure   Level  Hunger
a - Corona                Hex            #####..      1%          1    None
b - Dazzling Spray        Conj/Hex       #####.       1%          3    None
c - Swiftness             Chrm/Air       #####...     1%          2    None
d - Airstrike             Air            #####.....   4%          4    ###....
e - Conjure Flame         Conj/Fire      #####...     1%          3    None

Your spell library contained the following spells:

 Spells                   Type           Power        Failure   Level  Hunger
 Confusing Touch          Hex            #####.       1%          1    None
 Flame Tongue             Conj/Fire      #####        1%          1    None
 Shock                    Conj/Air       ####         1%          1    None
 Ensorcelled Hibernation  Hex/Ice        #####.       1%          2    None
 Throw Flame              Conj/Fire      #####.       1%          2    None
 Confuse                  Hex            #####...     1%          3    None
 Gell's Gravitas          Tloc           #####.....   1%          3    None
 Inner Flame              Hex/Fire       #####...     1%          3    None
 Static Discharge         Conj/Air       #####...     1%          3    None
 Tukima's Dance           Hex            #####...     1%          3    None
 Leda's Liquefaction      Hex/Erth       #####.....   4%          4    ###....
 Petrify                  Tmut/Erth      #####...     4%          4    ###....
 Sticky Flame             Conj/Fire      #####...     4%          4    ###....
 Bolt of Magma            Conj/Fire/Erth #####.....   11%         5    #####..
 Fireball                 Conj/Fire      #####.....   11%         5    #####..
 Iskenderun's Battlesphe  Conj/Chrm      #####...     11%         5    #####..
 Lightning Bolt           Conj/Air       #####.....   11%         5    #####..
 Metabolic Englaciation   Hex/Ice        #####.....   11%         5    #####..
 Venom Bolt               Conj/Pois      #####.....   11%         5    #####..
 Yara's Violent Unravell  Hex/Tmut       #####.....   11%         5    #####..
 Iron Shot                Conj/Erth      #####.....   52%         6    ######.
 Statue Form              Tmut/Erth      #####....    52%         6    ######.
 Orb of Destruction       Conj           #####.....   98%         7    #######
 Spellforged Servitor     Conj/Summ      #####.....   98%         7    #######
 Shatter                  Erth           #####.....   100%        9    #######


Dungeon Overview and Level Annotations

Branches:
Dungeon (14/15)            Temple (0/1) D:4            Lair (6/6) D:11
  Swamp (0/4) Lair:4        Snake (0/4) Lair:2        Slime (0/5) Lair:5
    Orc (0/2) D:11
 Vaults: D:13-14

Altars:
Ashenzari
Dithmenos
Okawaru
Ru
Sif Muna
Wu Jian
Xom
Beogh
Jiyva

Shops:
D:6 %   D:8 (

Annotations:
D:5 1 runed translucent door, Crazy Yiuf


Innate Abilities, Weirdness & Mutations

Your experience applies equally to all skills.
You have very sharp teeth.
Your uncanny sense of smell can sniff out nearby items.
Your flesh is cold resistant. (rC+)
You are frail. (-10% HP)
Your natural rate of healing is unusually fast.
You are weak. (Str -2)


Message History

* * * LOW HITPOINT WARNING * * *
The nine-headed hydra bites you!
* * * LOW HITPOINT WARNING * * *
The nine-headed hydra completely misses you.
The nine-headed hydra bites you.
* * * LOW HITPOINT WARNING * * *
The nine-headed hydra bites you but does no damage. x2
The nine-headed hydra closely misses you.
The nine-headed hydra misses you. The wraith closely misses you.
You feel much better.
The nine-headed hydra barely misses you.
You riposte.
You slash the nine-headed hydra!
The nine-headed hydra flickers and vanishes for a moment.
You bite the nine-headed hydra.
The nine-headed hydra is almost dead.
The nine-headed hydra bites you!!
* * * LOW HITPOINT WARNING * * *
The nine-headed hydra bites you but does no damage.
The nine-headed hydra bites you!
You die...

#?.....#
.###......#
..........#
..........#
........#
#......#
#..D...#
#..W@..#
#......#
#...<.$#
#......#
#......#
#......#
.......[.
###########
∆∆ ∆∆


You could see a nine-headed hydra (berserk) and a wraith.

Vanquished Creatures
  Snorg (Lair:6)
  4 hydras
  A centaur warrior (D:13)
  A merfolk avatar (Lair:6)
  4 two-headed ogres
  6 death yaks (Lair:3)
  A sea snake (Lair:6)
  2 unseen horrors (D:11)
  A swamp dragon (shapeshifter) (D:11)
  A deep elf archer (D:8)
  An orb spider (Lair:6)
  Pikel (D:5)
  A shining eye (Lair:6)
  16 elephants
  2 manticores
  2 ugly things
  13 black mambas
  A torpor snail (Lair:3)
  14 spiny frogs
  A gargoyle (D:10)
  3 centaur skeletons (D:12)
  5 rime drakes (Lair:6)
  9 komodo dragons
  6 polar bears
  3 trolls
  2 meliai (shapeshifter)
  A queen bee (D:9)
  2 hornets
  A blink frog (shapeshifter) (Lair:4)
  2 bog bodies (Lair:4)
  7 blink frogs (Lair:6)
  3 hippogriffs
  5 wyverns
  42 yaks
  A shadow (D:13)
  A wraith (D:11)
  A hungry ghost (D:11)
  Edmund (D:4)
  A harpy simulacrum (D:13)
  An acid dragon (D:13)
  8 porcupines
  A soldier ant (D:12)
  3 nagas (Lair:2)
  8 water moccasins
  Duvessa (D:4)
  5 orc warriors
  2 black bears
  5 sky beasts
  2 necrophages
  A phantom (D:6)
  6 ogres
  6 ice beasts
  12 wolves
  10 centaurs
  12 crocodiles
  13 bullfrogs
  A big kobold (D:8)
  Dowan (D:4)
  A wyvern skeleton (D:8)
  4 scorpions
  20 killer bees
  9 wights
  An electric eel (Lair:2)
  6 howler monkeys
  A centaur zombie (D:11)
  9 crimson imps
  5 hounds
  3 jellies
  5 orc priests
  A gnoll shaman (D:7)
  6 bullfrog skeletons
  Ijyb (D:5)
  3 iguanas
  8 orc wizards
  7 worker ants
  A killer bee zombie (D:6)
  3 hound skeletons
  2 hound zombies
  16 gnolls
  8 adders
  4 shadow imps
  7 oozes (Sewer)
  4 adder skeletons
  3 worms
  A dart slug (D:1)
  4 leopard geckos
  44 orcs
  4 bats
  25 giant cockroaches
  12 goblins
  10 hobgoblins
  14 jackals
  24 kobolds
  5 quokkas
  10 ball pythons
  17 frilled lizards
  A jackal skeleton (D:6)
  A leopard gecko skeleton (D:8)
  A quokka skeleton (D:4)
  4 rats
  2 fungi (Lair:6)
  A plant (Lair:6)
586 creatures vanquished.

Vanquished Creatures (collateral kills)
  An orc warlord (Bailey)
  A harpy (Lair:6)
  An elephant (Lair:6)
  A black mamba (Lair:4)
  A komodo dragon (D:13)
  A yak (D:12)
  A basilisk (Lair:4)
  A wolf (Lair:4)
  2 crocodiles (Lair:6)
  An orc (Bailey)
  A goblin (Bailey)
  A plant (Lair:4)
13 creatures vanquished.

Vanquished Creatures (others)
  An elephant (Lair:5)
  A yak (Lair:1)
  A sky beast (D:8)
  A slave (D:5)
  A killer bee (D:9)
  A crimson imp (D:5)
  A leopard gecko (D:5)
  An orc (D:5)
  12 fungi
  17 plants
37 creatures vanquished.

Grand Total: 636 creatures vanquished

Notes
Turn   | Place    | Note
-------+----------+-------------------------------------------
     0 | D:1      | tjtr the Gnoll Chaos Knight began the quest for the Orb.
     0 | D:1      | Reached XP level 1. HP: 23/23 MP: 1/1
    99 | D:1      | Reached XP level 2. HP: 27/29 MP: 2/2
   371 | D:1      | Reached XP level 3. HP: 35/35 MP: 3/3
   661 | D:2      | XOM: god gift: 3 rations
   760 | D:2      | Reached skill level 1 in Invocations
   811 | D:2      | XOM: god gift: shiny cabochon ring {god gift}
   847 | D:2      | XOM: god gift: runed great sword {god gift}
  1140 | D:3      | XOM: 4-stop teleportation journey
  1231 | D:3      | Found a glowing drain.
  1235 | D:3      | Reached skill level 1 in Short Blades
  1235 | D:3      | Reached skill level 1 in Axes
  1235 | D:3      | Reached skill level 1 in Maces & Flails
  1235 | D:3      | Reached skill level 1 in Polearms
  1235 | D:3      | Reached skill level 1 in Staves
  1235 | D:3      | Reached skill level 1 in Slings
  1235 | D:3      | Reached skill level 1 in Bows
  1235 | D:3      | Reached skill level 1 in Crossbows
  1235 | D:3      | Reached skill level 1 in Throwing
  1235 | D:3      | Reached skill level 1 in Stealth
  1235 | D:3      | Reached skill level 1 in Shields
  1235 | D:3      | Reached skill level 1 in Unarmed Combat
  1235 | D:3      | Reached skill level 1 in Spellcasting
  1235 | D:3      | Reached skill level 1 in Evocations
  1236 | D:3      | XOM: divination: detect creatures
  1250 | D:3      | Reached XP level 4. HP: 34/41 MP: 5/5
  1256 | D:3      | XOM: enchant monster (good)
  1280 | D:3      | Reached skill level 1 in Conjurations
  1280 | D:3      | Reached skill level 1 in Hexes
  1280 | D:3      | Reached skill level 1 in Charms
  1280 | D:3      | Reached skill level 1 in Summonings
  1280 | D:3      | Reached skill level 1 in Necromancy
  1280 | D:3      | Reached skill level 1 in Translocations
  1280 | D:3      | Reached skill level 1 in Transmutations
  1280 | D:3      | Reached skill level 1 in Fire Magic
  1280 | D:3      | Reached skill level 1 in Ice Magic
  1280 | D:3      | Reached skill level 1 in Air Magic
  1280 | D:3      | Reached skill level 1 in Earth Magic
  1280 | D:3      | Reached skill level 1 in Poison Magic
  1291 | Sewer    | Entered a sewer
  1299 | Sewer    | XOM: harmless Erth miscast
  1340 | Sewer    | Reached XP level 5. HP: 47/47 MP: 6/6
  1555 | Sewer    | XOM: snakes to sticks
  1556 | Sewer    | XOM: summons friendly ufetubus
  1558 | Sewer    | Reached XP level 6. HP: 27/53 MP: 8/8
  1607 | D:3      | Reached skill level 5 in Armour
  1766 | D:3      | XOM is BORED!
  1766 | D:3      | XOM: medium Fire miscast
  1862 | D:3      | Found a faded altar of an unknown god.
  2049 | D:3      | XOM: mild Conj miscast
  2489 | D:4      | Reached XP level 7. HP: 56/59 MP: 10/10
  2492 | D:4      | Noticed Edmund
  2493 | D:4      | XOM: divination: detect creatures
  2509 | D:4      | Killed Edmund
  2624 | D:4      | XOM: potion effect (agility)
  2698 | D:4      | Noticed Dowan
  2699 | D:4      | Noticed Duvessa
  2713 | D:4      | Killed Duvessa
  2717 | D:4      | Killed Dowan
  2717 | D:4      | Reached XP level 8. HP: 53/67 MP: 10/12
  2750 | D:4      | Found a staircase to the Ecumenical Temple.
  2784 | D:4      | Learned a level 1 spell: Corona
  2788 | D:4      | Learned a level 3 spell: Dazzling Spray
  2803 | D:4      | XOM: 4-stop teleportation journey
  2808 | D:4      | Got a spiked ring mail
  2819 | D:4      | Identified the +3 ring mail "Ekhitom" {+Blink rCorr Int+3
                  | SInv} (You found it on level 4 of the Dungeon)
  2888 | D:4      | XOM: scenery: create altars
  3094 | D:4      | XOM: god gift: scroll labeled XOZELAABULE {god gift}
  3097 | D:4      | Identified a scroll of acquirement
  3104 | D:4      | Learned a level 2 spell: Swiftness
  3233 | D:4      | XOM is BORED!
  3233 | D:4      | XOM: mild Tloc miscast
  3308 | D:5      | Entered Level 5 of the Dungeon
  3347 | D:5      | Noticed Pikel
  3352 | D:5      | XOM: summons friendly white imp
  3357 | D:5      | XOM: cast spell 'Call Canine Familiar'
  3363 | D:5      | XOM: potion effect (berserk rage)
  3364 | D:5      | Killed Pikel
  3369 | D:5      | Noticed Ijyb
  3376 | D:5      | Killed Ijyb
  3536 | D:5      | XOM: scenery: create altars
  3548 | D:5      | Found a deep blue altar of Sif Muna.
  3593 | D:5      | Got a pair of brightly glowing gloves
  3599 | D:5      | Identified the cursed +0 pair of gloves of the Gate {rPois
                  | rN+ Regen+ Slay+3} (You found it on level 5 of the Dungeon)
  3635 | D:5      | Found a runed translucent door.
  3638 | D:5      | Noticed Crazy Yiuf
  3749 | D:5      | XOM: cloud trail
  3821 | D:5      | You fall into a shaft and drop 1 floor!
  3847 | D:6      | XOM: confuse monster(s)
  3854 | D:6      | Reached XP level 9. HP: 63/72 MP: 14/14
  3894 | D:6      | XOM: cleaving
  3992 | D:6      | XOM: cloud trail
  4015 | D:6      | Found Petunucu's Food Emporium.
  4021 | D:6      | Bought a ration for 50 gold pieces
  4179 | D:6      | XOM: silly message
  4325 | D:7      | XOM: harmless Pois miscast
  4402 | D:7      | Found a sacrificial altar of Ru.
  4446 | D:7      | XOM: scenery: create altars
  4569 | D:7      | Reached skill level 5 in Dodging
  4883 | D:8      | Noticed a two-headed ogre
  4887 | D:8      | XOM: potion effect (might)
  4890 | D:8      | Killed a two-headed ogre
  4890 | D:8      | Reached skill level 5 in Invocations
  4890 | D:8      | Reached XP level 10. HP: 51/80 MP: 15/17
  4962 | D:8      | XOM: mild Summ miscast
  4980 | D:8      | XOM: noise
  4982 | D:8      | Found a transporter.
  5013 | D:8      | Noticed a deep elf archer
  5014 | D:8      | Found an ornate altar of the Wu Jian Council.
  5014 | D:8      | Found a transporter.
  5048 | D:8      | XOM: confusion
  5145 | D:8      | XOM: summons 4 hostile demons
  5147 | D:8      | XOM: smoke on damage
  5185 | D:8      | Reached skill level 5 in Short Blades
  5185 | D:8      | Reached skill level 5 in Axes
  5185 | D:8      | Reached skill level 5 in Maces & Flails
  5185 | D:8      | Reached skill level 5 in Polearms
  5185 | D:8      | Reached skill level 5 in Staves
  5185 | D:8      | Reached skill level 5 in Slings
  5185 | D:8      | Reached skill level 5 in Bows
  5185 | D:8      | Reached skill level 5 in Crossbows
  5185 | D:8      | Reached skill level 5 in Throwing
  5185 | D:8      | Reached skill level 5 in Stealth
  5185 | D:8      | Reached skill level 5 in Shields
  5185 | D:8      | Reached skill level 5 in Unarmed Combat
  5185 | D:8      | Reached skill level 5 in Spellcasting
  5185 | D:8      | Reached skill level 5 in Evocations
  5274 | D:8      | Found Maoddam's Antique Weapon Shop.
  5307 | D:8      | Noticed a two-headed ogre
  5314 | D:8      | Killed a two-headed ogre
  5608 | D:8      | Found an iron altar of Okawaru.
  5742 | D:8      | XOM: summons friendly shadow imp
  5762 | D:8      | Killed a deep elf archer
  5770 | D:8      | Got a warped falchion
  5883 | D:9      | Got a bound steel ring
  5889 | D:9      | Identified the ring "Qoho Sai" {rF+ Slay+2} (You found it
                  | on level 9 of the Dungeon)
  5951 | D:9      | Identified the +7 falchion of Capital Punishment {flame,
                  | *Drain MR+ Int+3} (You found it on level 8 of the Dungeon)
  6065 | D:9      | Found a shadowy altar of Dithmenos.
  6241 | D:9      | XOM: polymorph killer bee -> howler monkey
  6252 | D:9      | XOM: destruction
  6256 | D:9      | Reached XP level 11. HP: 71/87 MP: 19/19
  6409 | D:10     | Entered Level 10 of the Dungeon
  6446 | D:10     | XOM: potion effect (might)
  6591 | D:10     | Found a shimmering altar of Xom.
  6701 | D:10     | XOM: cleaving
  6716 | D:10     | XOM: destruction
  6847 | D:10     | Noticed a two-headed ogre
  6856 | D:10     | Killed a two-headed ogre
  6856 | D:10     | Reached skill level 5 in Conjurations
  6856 | D:10     | Reached skill level 5 in Hexes
  6856 | D:10     | Reached skill level 5 in Charms
  6856 | D:10     | Reached skill level 5 in Summonings
  6856 | D:10     | Reached skill level 5 in Necromancy
  6856 | D:10     | Reached skill level 5 in Translocations
  6856 | D:10     | Reached skill level 5 in Transmutations
  6856 | D:10     | Reached skill level 5 in Fire Magic
  6856 | D:10     | Reached skill level 5 in Ice Magic
  6856 | D:10     | Reached skill level 5 in Air Magic
  6856 | D:10     | Reached skill level 5 in Earth Magic
  6856 | D:10     | Reached skill level 5 in Poison Magic
  6862 | D:10     | Learned a level 4 spell: Airstrike
  6928 | D:10     | XOM: mild Ice miscast
  7031 | D:10     | Found a runed translucent door.
  7101 | D:10     | Found a roughly hewn altar of Beogh.
  7505 | D:11     | Found a shattered altar of Ashenzari.
  7528 | D:11     | Found a staircase to the Lair.
  7553 | D:11     | XOM: polymorph sky beast -> shapeshifter
  7553 | D:11     | Noticed a fire crab
  7553 | D:11     | a shapeshifter changed into a fire crab
  7571 | D:11     | Noticed a swamp dragon
  7571 | D:11     | a fire crab changed into a swamp dragon
  7578 | D:11     | Killed a swamp dragon
  7581 | D:11     | XOM: enchant monster (bad)
  7584 | D:11     | XOM: harmless Hex miscast
  7589 | D:11     | XOM: confusion (+ monsters)
  7597 | D:11     | XOM: fake destruction
  7842 | D:11     | Noticed an unseen horror
  7843 | D:11     | Noticed an unseen horror
  7844 | D:11     | XOM: severe Tmut miscast
  7865 | D:11     | Killed an unseen horror
  7892 | D:11     | Noticed a brown ugly thing
  7918 | D:11     | Killed a brown ugly thing
  7918 | D:11     | Reached XP level 12. HP: 66/96 MP: 22/22
  8060 | D:11     | XOM: swap monsters
  8079 | D:11     | Found a staircase to the Orcish Mines.
  8244 | Lair:1   | Entered Level 1 of the Lair of Beasts
  8396 | Lair:1   | XOM: harmless Fire miscast
  8403 | Lair:1   | XOM: harmless Hex miscast
  8470 | Lair:1   | XOM: silly message
  8541 | Lair:1   | XOM: summons 4 hostile shadow creatures
  8542 | Lair:1   | Noticed a four-headed hydra
  8917 | Lair:2   | XOM: mild Chrm miscast
  8965 | Lair:2   | Found a shadowy altar of Dithmenos.
  9096 | Lair:2   | Noticed an eight-headed hydra
  9253 | Lair:2   | XOM: polymorph bullfrog -> ogre
  9343 | Lair:2   | Found a staircase to the Snake Pit.
  9512 | Lair:2   | Killed a 12-headed hydra
  9603 | Lair:2   | XOM: mild Necr miscast
  9769 | Lair:2   | XOM: give mutations
  9769 | Lair:2   | Gained mutation: You are weak. (Str -2) [Xom's mischief]
  9769 | Lair:2   | Gained mutation: You are frail. (-10% HP) [Xom's mischief]
  9784 | Lair:3   | Noticed a death yak
  9794 | Lair:3   | Noticed a death yak
  9798 | Lair:3   | XOM: smoke on damage
  9802 | Lair:3   | Killed a death yak
  9814 | Lair:3   | XOM: swap monsters
  9818 | Lair:3   | XOM: draining
  9947 | Lair:3   | XOM: summons 6 hostile demons
  9989 | Lair:3   | Reached skill level 10 in Fighting
  9989 | Lair:3   | Reached skill level 10 in Long Blades
 10221 | Lair:3   | Noticed a five-headed hydra
 10227 | Lair:3   | Noticed a death yak
 10229 | Lair:3   | Noticed a death yak
 10230 | Lair:3   | Noticed a death yak
 10243 | Lair:3   | Noticed a death yak
 10245 | Lair:3   | Noticed a death yak
 10247 | Lair:3   | XOM: harmless Fire miscast
 10280 | Lair:3   | XOM: summons friendly ufetubus
 10380 | Lair:3   | XOM: summons 6 hostile demons
 10597 | Lair:3   | a death yak changed into a shapeshifter
 10597 | Lair:3   | XOM: polymorph death yak -> shapeshifter
 10600 | Lair:3   | XOM: enchant monster (bad)
 10602 | Lair:3   | XOM: stat loss: -1 Int (18/19)
 10669 | Lair:3   | Killed a ten-headed hydra
 10733 | Lair:3   | Learned a level 3 spell: Conjure Flame
 10754 | Lair:3   | XOM: summons 12 friendly demons
 10802 | Lair:3   | Killed a death yak
 10802 | Lair:3   | Reached XP level 13. HP: 90/92 MP: 10/24
 11081 | Lair:3   | XOM: confuse monster(s)
 11089 | Lair:3   | XOM: cleaving
 11170 | Lair:3   | XOM: draining
 11214 | Lair:4   | XOM: summons friendly white imp
 11254 | Lair:4   | XOM: stat loss: -1 Dex (17/18)
 11344 | Lair:4   | XOM: polymorph four-headed hydra -> shapeshifter
 11418 | Lair:4   | XOM: noise
 11423 | Lair:4   | XOM: smoke on damage
 11434 | Lair:4   | XOM: medium Ice miscast
 11488 | Lair:4   | XOM: mild Ice miscast
 11706 | Lair:4   | Found a staircase to the Swamp.
 12237 | Lair:5   | XOM: divine lightning
 12251 | Lair:5   | XOM: silly message
 12325 | Lair:5   | XOM: smoke on damage
 12352 | Lair:5   | Found a staircase to the Slime Pits.
 12353 | Lair:5   | Found a viscous altar of Jiyva.
 12380 | Lair:5   | XOM: harmless Tmut miscast
 12807 | Lair:6   | Entered Level 6 of the Lair of Beasts
 12807 | Lair:6   | XOM: harmless Tmut miscast
 12808 | Lair:6   | XOM: potion effect (haste)
 12814 | Lair:6   | XOM: summons 3 friendly demons
 12910 | Lair:6   | XOM: cast spell 'Alistair's Intoxication'
 13049 | Lair:6   | XOM: enchant monster (good)
 13052 | Lair:6   | XOM: scenery: 1 doors open
 13061 | Lair:6   | XOM: summons 3 friendly demons
 13071 | Lair:6   | Reached XP level 14. HP: 39/99 MP: 26/26
 13095 | Lair:6   | XOM: confuse monster(s)
 13138 | Lair:6   | XOM: 1-stop teleportation journey
 13186 | Lair:6   | Noticed Snorg
 13220 | Lair:6   | Killed Snorg
 13275 | Lair:6   | XOM: 5-stop teleportation journey
 13276 | Lair:6   | XOM: summons friendly quasit
 13283 | Lair:6   | XOM: summons 8 friendly demons
 13335 | Lair:6   | XOM: harmless Air miscast
 13396 | Lair:6   | XOM: mild Erth miscast
 13451 | Lair:6   | XOM: enchant monster (bad)
 13453 | Lair:6   | XOM: confusion (+ monsters)
 13460 | Lair:6   | Reached skill level 10 in Armour
 13470 | Lair:6   | XOM: summons 7 friendly demons
 13480 | Lair:6   | XOM: summons 4 friendly demons
 13492 | Lair:6   | XOM: divination: detect creatures
 13559 | Lair:6   | XOM: fake destruction
 13560 | Lair:6   | XOM: polymorph komodo dragon -> spiny frog
 13563 | Lair:6   | XOM: 1-stop teleportation journey
 13647 | Lair:6   | XOM: give mutations
 13647 | Lair:6   | Gained mutation: Your flesh is cold resistant. (rC+) [Xom's
                  | grace]
 13647 | Lair:6   | Gained mutation: Your natural rate of healing is unusually
                  | fast. [Xom's grace]
 13747 | Lair:6   | XOM: cleaving
 13755 | Lair:6   | XOM: confuse monster(s)
 13794 | Lair:6   | XOM: harmless Tmut miscast
 13842 | Lair:6   | XOM: potion effect (agility)
 13902 | Lair:6   | XOM: potion effect (agility)
 13921 | Lair:6   | XOM: harmless Ice miscast
 13926 | Lair:6   | XOM: divination: detect creatures
 14000 | Lair:6   | Reached skill level 10 in Invocations
 14756 | D:12     | Found a flagged portal.
 14785 | Bailey   | Entered a bailey
 14790 | Bailey   | Noticed an orc warlord
 14854 | Bailey   | Found a runed translucent gate.
 14854 | Bailey   | Found a runed translucent gate.
 14854 | Bailey   | Found a runed translucent gate.
 14862 | Bailey   | XOM: mild Erth miscast
 15029 | Bailey   | Killed an orc warlord
 15058 | Bailey   | Reached XP level 15. HP: 107/107 MP: 28/28
 15108 | Bailey   | Got a faintly glowing robe
 15119 | Bailey   | Identified the +1 robe of the Endless Expanse {MR+ SInv}
                  | (You found it in a bailey)
 15224 | D:12     | XOM: harmless Tloc miscast
 15280 | D:12     | XOM: divination: magic mapping
 15322 | D:12     | XOM: harmless Chrm miscast
 15384 | D:12     | Reached skill level 10 in Dodging
 15839 | D:13     | XOM: potion effect (invisibility)
 15855 | D:13     | XOM: cast spell 'Summon Mana Viper'
 16573 | D:14     | HP: 4/107 [nine-headed hydra (15)]
 16573 | D:14     | HP: 1/107 [nine-headed hydra (3)]
 16574 | D:14     | Slain by a nine-headed hydra

Levels and vault maps discovered:
D:1:      dpeg_arrival_rhombi, layout_loops_cross
D:2:      minmay_roachtagon, layout_rooms
D:3:      layout_basic, chequers_ecumenical_altar_simple_redux,
          cheibrodos_sewer_entry_drain, first_ration
D:4:      layout_cave_pods, minmay_temple_entry_offerings, uniq_edmund,
          uniq_duvessa
D:5:      layout_basic, minitemple, minmay_joined_circles, uniq_ijyb,
          uniq_pikel, uniq_crazy_yiuf_cottage
D:6:      layout_rooms, serial_shops, kennysheep_little_box
D:7:      layout_loops_ring, nicolae_ru_sacrificial_ziggurat
D:8:      minmay_bloctagon_deflated, layout_loops_ring,
          okawaru_altar_gauntlet_db, gammafunk_temple_overflow_arena,
          serial_shops, shop
D:9:      layout_rooms, david_nohive_1, grunt_dithmenos_shadows
D:10:     layout_loops_corners, basic_altar, hangedman_decor_lopped,
          chequers_serial_rivers_micro_a, lightli_church_of_beogh
D:11:     layout_long_grid, david_lair_generic, orc_0_dummy, st_stairs_1,
          ashenzari_altar_1
D:12:     layout_loops_ring, enter_bailey_7
D:13:     four-leaf_vault, layout_cave_pods
D:14:     layout_long_grid, grunt_vaults_entry_tiered,
          chequers_hall_statues_corner_a
Lair:1:   layout_regular_city, minivault_19, chequers_serial_rivers_small_b,
          lemuel_fruit_fields
Lair:2:   layout_big_grid, minmay_snake_entry_guardpost_medium, basic_altar,
          beast_lair_carwin_11, infiniplex_staircase_pool
Lair:3:   layout_chaotic_city, infiniplex_staircase_pool_2
Lair:4:   layout_loops_ring, skrybe_swamp_entry_bodies, lemuel_fruit_tree
Lair:5:   layout_roguey, slime_altar_1, serial_rivers,
          chequers_serial_rivers_micro_e, chequers_serial_rivers_micro_a,
          chequers_serial_rivers_room_a, chequers_serial_rivers_micro_d,
          chequers_serial_rivers_small_b, chequers_serial_rivers_small_3
Lair:6:   gammafunk_lair_ancient_temple, layout_big_grid, serial_bayou_ford_a,
          grunt_megastairs_3, uniq_snorg

Skill      XL: |  1  2  3  4  5  6  7  8  9 10 11 12 13 14 15 |
---------------+----------------------------------------------+-----
Invocations    | 1 2 3 4 5 6 7 8 9 10 | 10.6
Short Blades   | 1 2 3 4 5 6 7 8 9 |  9.7
Axes           | 1 2 3 4 5 6 7 8 9 |  9.7
Maces & Flails | 1 2 3 4 5 6 7 8 9 |  9.7
Polearms       | 1 2 3 4 5 6 7 8 9 |  9.7
Staves         | 1 2 3 4 5 6 7 8 9 |  9.7
Slings         | 1 2 3 4 5 6 7 8 9 |  9.7
Bows           | 1 2 3 4 5 6 7 8 9 |  9.7
Crossbows      | 1 2 3 4 5 6 7 8 9 |  9.7
Throwing       | 1 2 3 4 5 6 7 8 9 |  9.7
Stealth        | 1 2 3 4 5 6 7 8 9 |  9.7
Shields        | 1 2 3 4 5 6 7 8 9 |  9.7
Unarmed Combat | 1 2 3 4 5 6 7 8 9 |  9.7
Spellcasting   | 1 2 3 4 5 6 7 8 9 |  9.7
Evocations     | 1 2 3 4 5 6 7 8 9 |  9.7
Conjurations   | 1 2 3 4 5 6 7 8 |  8.2
Hexes          | 1 2 3 4 5 6 7 8 |  8.2
Charms         | 1 2 3 4 5 6 7 8 |  8.2
Summonings     | 1 2 3 4 5 6 7 8 |  8.2
Necromancy     | 1 2 3 4 5 6 7 8 |  8.2
Translocations | 1 2 3 4 5 6 7 8 |  8.2
Transmutations | 1 2 3 4 5 6 7 8 |  8.2
Fire Magic     | 1 2 3 4 5 6 7 8 |  8.2
Ice Magic      | 1 2 3 4 5 6 7 8 |  8.2
Air Magic      | 1 2 3 4 5 6 7 8 |  8.2
Earth Magic    | 1 2 3 4 5 6 7 8 |  8.2
Poison Magic   | 1 2 3 4 5 6 7 8 |  8.2
Dodging        | 3 4 5 6 7 8 9 10 | 10.1
Armour         | 5 6 7 8 9 10 | 10.7
Fighting       | 7 8 9 10 11 | 11.5
Long Blades    | 7 8 9 10 11 | 11.5

Action                   |  1- 3 |  4- 6 |  7- 9 | 10-12 | 13-15 || total
-------------------------+-------+-------+-------+-------+-------++-------
Melee: Falchion          |    85 |       |       |       |       ||    85
       Bite              |    13 |     9 |    20 |    86 |   106 ||   234
       Great sword       |    10 |   118 |   149 |   467 |   526 ||  1270
       Unarmed           |       |       |       |    28 |       ||    28
 Cast: Corona            |       |       |     4 |     5 |     2 ||    11
       Swiftness         |       |       |       |     8 |     2 ||    10
       Dazzling Spray    |       |       |       |    10 |    20 ||    30
       Conjure Flame     |       |       |       |     2 |     4 ||     6
 Abil: Evoke Blink       |       |       |       |    41 |    20 ||    61
Evoke: Wand              |       |       |     1 |    23 |     7 ||    31
       Box of beasts     |       |       |       |       |     1 ||     1
       Phantom mirror    |       |       |       |       |     1 ||     1
  Use: Scroll            |     4 |     1 |     6 |    21 |     5 ||    37
       Potion            |       |     1 |       |    13 |     7 ||    21
 Stab: Sleeping          |     2 |     4 |     3 |    12 |    19 ||    40
       Petrified         |       |       |     3 |     5 |       ||     8
       Confused          |       |       |     1 |     5 |     8 ||    14
       Paralysed         |       |       |     1 |     2 |     2 ||     5
       Distracted        |       |       |     1 |       |     5 ||     6
       Invisible         |       |       |       |     3 |     5 ||     8
       Petrifying        |       |       |       |       |     2 ||     2
  Eat: Ration            |     1 |     1 |     2 |     8 |     7 ||    19
Armor: Leather armour    |    31 |    67 |     7 |       |       ||   105
       Ring mail         |       |       |    51 |   225 |   252 ||   528
       Skin              |       |       |       |    23 |       ||    23
Dodge: Dodged            |    68 |   165 |   130 |   604 |   661 ||  1628
       Rpst.: Falchion   |    28 |       |       |       |       ||    28
       Great sword       |     1 |    48 |    44 |   137 |   164 ||   394

Table legend:
 A = Non-vault XP
 B = Vault XP
 C = Vault XP percentage of total XP
 D = Non-vault monster count
 E = Vault monster count
 F = Vault count percentage of total count
                 A         B        C        D         E       F
            +---------+---------+-------+---------+---------+-------
      Total |   65629 |   21534 |  24.7 |     419 |     180 |  30.1
            +---------+---------+-------+---------+---------+-------
        D:1 |      45 |       0 |   0.0 |      24 |       0 |   0.0
        D:2 |       7 |      20 |  74.1 |       6 |      10 |  62.5
        D:3 |     180 |       9 |   4.8 |      24 |       3 |  11.1
        D:4 |     350 |     399 |  53.3 |      23 |       3 |  11.5
        D:5 |     245 |     591 |  70.7 |      10 |       4 |  28.6
        D:6 |     809 |       0 |   0.0 |      21 |       0 |   0.0
        D:7 |     598 |       0 |   0.0 |      22 |       0 |   0.0
        D:8 |    2557 |    1899 |  42.6 |      35 |      14 |  28.6
        D:9 |     428 |    1192 |  73.6 |       9 |      18 |  66.7
       D:10 |    3442 |     328 |   8.7 |      29 |      13 |  31.0
       D:11 |    5389 |    1079 |  16.7 |      28 |       6 |  17.6
       D:12 |    5958 |      45 |   0.7 |      29 |       4 |  12.1
       D:13 |    5506 |       0 |   0.0 |      28 |       0 |   0.0
     Lair:1 |    2408 |       0 |   0.0 |       9 |       0 |   0.0
     Lair:2 |    3039 |    1430 |  32.0 |      12 |      10 |  45.5
     Lair:3 |    9523 |       0 |   0.0 |      25 |       0 |   0.0
     Lair:4 |    7176 |     530 |   6.9 |      27 |       2 |   6.9
     Lair:5 |    4377 |       0 |   0.0 |      15 |       0 |   0.0
     Lair:6 |   13592 |   12258 |  47.4 |      43 |      31 |  41.9
      Sewer |       0 |     298 | 100.0 |       0 |      41 | 100.0
     Bailey |       0 |    1456 | 100.0 |       0 |      21 | 100.0
            +---------+---------+-------+---------+---------+-------
